AoeStats
← AiM | CyclopsTron

Arabia

508806035Analyzed
4v4 RM · 8d ago on Sep 24, 2026· 24m 29s· 8 players
Game mode
Random Map
Map size
Large (8 player)
Population
200
Speed
Normal
Resources
Standard
Victory
Conquest
Starting age
Dark Age
Ending age
Imperial Age
RankedLock teamsTeams togetherTeam positionsShared explorationLock speedFull tech treeHidden civsTurbo modeCheats
Victory
Defeat
1889
+5
🇲🇽 Mongols · Mexico
1719
+9
1675
+11
1598
+13
🇲🇽 Varangians · Mexico
1694
-14
🇲🇽 Hindustanis · Mexico
1568
-9
🇨🇱 Ethiopians · Chile
1552
-9
🇲🇽 Maya · Mexico
1454
-6
VENÓN | IMPERIO_AMAZONAS
6:38 Loom
9:06 Feudal Age
11:40 Fletching
15:53 Padded Archer Armor
23:35 Castle Age
21:45 Double-Bit Axe
22:18 Horse Collar
23:13 Gold Mining
24:12 Bodkin Arrow
23:39 Crossbowman
CTM | Lelouch
5:55 Loom
7:59 Feudal Age
7:56 Loom
12:51 Fletching
21:45 Castle Age
20:47 Double-Bit Axe
22:24 Bodkin Arrow
21:50 Crossbowman
22:44 Bow Saw
25:09 Ballistics
VENÓN | Tomas Marinero
6:15 Loom
8:22 Feudal Age
8:57 Double-Bit Axe
14:38 Bloodlines
16:32 Wheelbarrow
16:14 Scale Barding Armor
17:46 Forging
22:08 Castle Age
22:21 Light Cavalry
25:15 Bow Saw
VENÓN | SORORIDAD MASIS RUIZ
6:49 Loom
9:22 Feudal Age
9:49 Double-Bit Axe
13:19 Scale Barding Armor
14:53 Forging
18:56 Wheelbarrow
21:10 Castle Age
19:35 Gold Mining
22:42 Chain Barding Armor
22:58 Bow Saw
AiM | CyclopsTron
6:07 Loom
8:37 Feudal Age
9:07 Double-Bit Axe
14:22 Scale Barding Armor
16:28 Forging
16:55 Bloodlines
18:48 Horse Collar
22:45 Castle Age
22:37 Gold Mining
23:52 Chain Barding Armor
23:43 Town Watch
AiM | Fubuki Sinri
6:08 Loom
8:33 Feudal Age
10:10 Double-Bit Axe
13:45 Horse Collar
16:47 Scale Barding Armor
18:40 Forging
22:37 Castle Age
21:11 Bloodlines
23:47 Chain Barding Armor
AiM | CaballeroTemplario
0:28 Loom
9:25 Feudal Age
11:08 Fletching
16:21 Padded Archer Armor
19:27 Double-Bit Axe
21:22 Wheelbarrow
25:30 Castle Age
23:37 Gold Mining
AiM | PoRRo
4:12 Loom
9:23 Feudal Age
14:29 Fletching
19:01 Padded Archer Armor
Connection lost

Rejoining the realm…

Still unreachable

The connection could not be restored.

Session expired

The server has moved on; the page needs a fresh start.